 Dungeon Crawl Stone Soup version 0.27-a0-1140-g099f9bb0e8 (webtiles) character file.

Game seed: 16028864278720066617

2598 jasper the Wallflower (level 9, -3/69 HPs)
             Began as a Demonspawn Artificer on May 8, 2021.
             Was a Follower of Uskayaw.
             Slain by a centaur warrior (8 damage)
             ... on level 8 of the Dungeon.
             The game lasted 00:13:51 (8355 turns).

jasper the Wallflower (Demonspawn Artificer)        Turns: 8355, Time: 00:13:52

Health: -3/69      AC: 15    Str: 10    XL:     9   Next: 33%
Magic:  14/14      EV: 12    Int: 16    God:    Uskayaw [*.....]
Gold:   394        SH:  4    Dex: 14    Spells: 5/8 levels left

rFire    . . .     SeeInvis .   k - +3 dagger (venom)
rCold    + . .     Faith    .   (no shield)
rNeg     . . .     Spirit   .   l - +0 ring mail
rPois    .         Reflect  .   f - +1 helmet
rElec    .         Harm     .   (no cloak)
rCorr    .         Rampage  .   (no gloves)
Will     .....                  w - +2 pair of boots
Stlth    +.........             (no amulet)
HPRegen  0.21/turn              n - +4 ring of protection
MPRegen  0.14/turn              (no ring)

@: slowed, very slow
A: hooves 2, large bone plates 1, foul stench 1, demonic magic 1, cold
resistance 1, mutation resistance 1, weak 1, wild magic 1
a: Renounce Religion, Stomp


You were on level 8 of the Dungeon.
You worshipped Uskayaw.
Uskayaw was noncommittal.
You visited 1 branch of the dungeon, and saw 9 of its levels.
You also visited: Sewer.

You collected 394 gold pieces.

Inventory:

Hand Weapons
 a - a +0 club
 g - a +0 short sword
 k - a +3 dagger of venom (weapon)
Missiles
 h - 3 curare-tipped darts
 o - 8 boomerangs
Armour
 b - a +0 leather armour
 f - a +1 helmet (worn)
 l - a +0 ring mail (worn)
 w - a +2 pair of boots (worn)
Jewellery
 n - a +4 ring of protection (left hand)
 z - a ring of flight
Wands
 d - a wand of charming (10)
 s - a wand of polymorph (9)
 t - a wand of flame (27)
 A - a wand of iceblast (4)
Scrolls
 p - a scroll of noise {unknown}
 q - a scroll of enchant weapon
 v - 4 scrolls of identify
 x - a scroll of amnesia {unknown}
 y - a scroll of summoning {unknown}
Potions
 c - 6 potions of might
 i - 3 potions of curing
 u - a potion of flight
Miscellaneous
 e - a piece from Xom's chessboard (11/15)


   Skills:
 + Level 6.0 Fighting
 - Level 5.0 Armour
 + Level 4.8 Dodging
 - Level 0.8 Stealth
 + Level 5.7 Unarmed Combat
 + Level 0.2 Air Magic
 * Level 6.8 Invocations
 - Level 3.0 Evocations


You had 5 spell levels left.
You knew the following spells:

 Your Spells              Type           Power      Damage    Failure   Level
a - Swiftness             Air            0%         N/A       90%         3

Your spell library contained the following spells:

 Spells                   Type           Power      Damage    Failure   Level
 Shock                    Conj/Air       0%         1d3       58%         1
 Static Discharge         Conj/Air       0%         N/A       73%         2
 Airstrike                Air            0%         N/A       100%        4
 Lightning Bolt           Conj/Air       0%         1d11      100%        5


Dungeon Overview and Level Annotations

Branches:
Dungeon (9/15)             Temple (0/1) D:4           Sewer (visited)
   Lair: D:8-11         Orc: D:9-12

Altars:
Ashenzari
Gozag
Makhleb
Okawaru
Sif Muna
Uskayaw
Wu Jian

Shops:
D:2 :

Annotations:
D:7 Joseph
D:8 Erica


Innate Abilities, Weirdness & Mutations

You have hoof-like feet.
You are partially covered in large bone plates. (SH +4)
You may rarely emit foul miasma when damaged in melee.
Spells you cast may paralyse adjacent enemies.
Your flesh is cold resistant. (rC+)
You are somewhat resistant to further mutation.
You are weak. (Str -2)
Your spells are a little harder to cast, but a little more powerful.


Message History

Okay, then.
Okay, then.
As you read the scroll of teleportation, it crumbles to dust.
You feel strangely unstable.
You feel sick.
You take 1 damage, and have 21/69 hp.
You feel sick.
You are no longer poisoned.
You take 1 damage, and have 20/69 hp.
Your surroundings suddenly seem different.
A centaur warrior comes into view.
The centaur warrior shouts!
The centaur warrior hits you but does no damage.
The centaur warrior barely misses you. The centaur warrior closely misses you.
The centaur warrior kicks you.
* * * LOW HITPOINT WARNING * * *
Found 21 stones and a gnarled glowing staff.
Found a burning altar of Makhleb.
You take 3 damage, and have 17/69 hp.
You feel much better. The centaur warrior hits you!
The centaur warrior kicks you but does no damage.
The centaur warrior hits you but does no damage.
The centaur warrior barely misses you.
The deep elf pyromancer gestures at you while chanting.
The bolt of fire hits you!!
* * * LOW HITPOINT WARNING * * *
You take 11 damage, and have 6/69 hp.
Okay, then.
Okay, then.
You hit the centaur warrior.
The centaur warrior is poisoned.
The centaur warrior is lightly wounded.
The centaur warrior closely misses you. You block the centaur warrior's attack.
The centaur warrior misses you. The centaur warrior kicks you.
* * * LOW HITPOINT WARNING * * *
The deep elf pyromancer mumbles some strange words.
The deep elf pyromancer blinks!
You take 1 damage, and have 5/69 hp.
You hit the centaur warrior but do no damage.
The centaur warrior looks as sick as possible!
The centaur warrior is lightly wounded.
The centaur warrior hits you!
You die...

..##..##.......#
..##..##...##..##......#
#..##..#8#..##..##....>#
##..##...##..##........#
.##..##..)##..##.#....##
#.##..##|##.e##.##.##...
#.##..###ยง.##. #. ####
###.##..#..##.# ##
...(.##@..##.# #..
##..#.##c##.... ...
##.###.#### ... ##.#..#
... ##...# ... .... ...
.#... ... _..... ... ...


You could see a centaur warrior (extremely poisoned) and a deep elf pyromancer.

Vanquished Creatures
  A two-headed ogre (D:8)
  Grinder (D:4)
  A steam dragon (D:8)
  A water moccasin (D:6)
  A sky beast (D:6)
  A necrophage (D:4)
  An ogre (D:6)
  A centaur (D:6)
  5 kobold brigands (Sewer)
  A scorpion (D:4)
  A water moccasin zombie (D:6)
  A water moccasin skeleton (D:6)
  An electric eel (D:8)
  3 centaur zombies
  2 hounds (D:5)
  7 orc wizards
  2 hound skeletons
  2 gnolls (D:2)
  9 adders
  A howler monkey skeleton (D:6)
  5 river rats (Sewer)
  A white imp (D:5)
  An ufetubus (D:5)
  4 dart slugs
  17 orcs
  5 endoplasms
  5 giant cockroaches
  8 hobgoblins
  2 jackals (D:4)
  8 ball pythons
  5 bats (D:1)
  7 frilled lizards
  4 goblins
  19 kobolds
  25 rats
159 creatures vanquished.

Vanquished Creatures (collateral kills)
  A gnoll (D:2)
1 creature vanquished.

Vanquished Creatures (others)
  A gnoll (D:2)
  An adder (D:2)
  2 plants (D:8)
4 creatures vanquished.

Grand Total: 164 creatures vanquished

Notes
Turn   | Place    | Note
-------+----------+-------------------------------------------
     0 | D:1      | jasper the Demonspawn Artificer began the quest for the
                  | Orb.
     0 | D:1      | Reached XP level 1. HP: 15/15 MP: 1/1
   328 | D:1      | Gained mutation: You have large cloven feet. [demonic
                  | ancestry]
   328 | D:1      | Reached XP level 2. HP: 22/22 MP: 2/2
   657 | D:1      | Found a faded altar of an unknown god.
   664 | D:1      | Became a worshipper of Uskayaw the Reveller
   664 | D:1      | Reached * piety under Uskayaw
   832 | D:1      | Reached ** piety under Uskayaw
  1186 | D:1      | Gained mutation: You are partially covered in large bone
                  | plates. (SH +4) [demonic ancestry]
  1186 | D:1      | Reached XP level 3. HP: 21/29 MP: 3/3
  1707 | D:2      | Reached skill level 1 in Invocations
  1714 | D:2      | Reached skill level 1 in Dodging
  2231 | D:2      | Found Piusk's Book Shop.
  2307 | D:2      | You fall into a shaft and drop 2 floors!
  2313 | D:4      | Reached skill level 1 in Unarmed Combat
  2313 | D:4      | Gained mutation: Spells you cast may paralyse adjacent
                  | enemies. [demonic ancestry]
  2313 | D:4      | Reached XP level 4. HP: 34/35 MP: 3/5
  2471 | D:4      | Noticed Grinder
  2669 | D:3      | Reached *** piety under Uskayaw
  2967 | D:3      | Found a broken altar of Ashenzari.
  2982 | D:3      | Found a glowing drain.
  2989 | D:3      | Reached XP level 5. HP: 39/41 MP: 6/6
  3025 | Sewer    | Entered a sewer
  3098 | Sewer    | Gained mutation: You may rarely emit foul miasma when
                  | damaged in melee. [demonic ancestry]
  3098 | Sewer    | Reached XP level 6. HP: 23/48 MP: 6/8
  3527 | Sewer    | Gained mutation: Your flesh is cold resistant. (rC+)
                  | [potion of mutation]
  3527 | Sewer    | Gained mutation: Your spells are a little harder to cast,
                  | but a little more powerful. [potion of mutation]
  3527 | Sewer    | Gained mutation: You are weak. (Str -2) [potion of
                  | mutation]
  3527 | Sewer    | Gained mutation: You are somewhat resistant to further
                  | mutation. [potion of mutation]
  3533 | Sewer    | Reached XP level 7. HP: 10/54 MP: 9/9
  4700 | D:4      | Killed Grinder
  4708 | D:4      | Learned a level 3 spell: Swiftness
  4790 | D:4      | Found a staircase to the Ecumenical Temple.
  5034 | D:4      | Reached XP level 8. HP: 61/61 MP: 11/11
  5161 | D:5      | Entered Level 5 of the Dungeon
  5437 | D:5      | Found a shimmering blue altar of Sif Muna.
  5549 | D:5      | Found an opulent altar of Gozag.
  5549 | D:5      | Found an iron altar of Okawaru.
  5549 | D:5      | Found a hide-covered altar of Uskayaw.
  6678 | D:6      | Reached skill level 5 in Invocations
  6691 | D:6      | Reached skill level 5 in Fighting
  7215 | D:6      | Reached skill level 5 in Unarmed Combat
  7378 | D:7      | Noticed Joseph
  7657 | D:8      | Reached skill level 5 in Armour
  7988 | D:8      | Noticed a two-headed ogre
  8034 | D:8      | Killed a two-headed ogre
  8035 | D:8      | Gained mutation: You have hoof-like feet. [demonic
                  | ancestry]
  8035 | D:8      | Reached XP level 9. HP: 69/69 MP: 12/14
  8239 | D:8      | Found an ornate altar of the Wu Jian Council.
  8317 | D:8      | Noticed a deep elf pyromancer
  8319 | D:8      | Found the +8 glaive of the Guard {elec, spectral, AC+5}
  8319 | D:8      | Noticed a cyclops
  8331 | D:9      | Noticed Erica
  8347 | D:8      | Noticed a red ugly thing
  8352 | D:8      | Found a burning altar of Makhleb.
  8352 | D:8      | Noticed a centaur warrior
  8355 | D:8      | Slain by a centaur warrior

Illustrated notes

Levels and vault maps discovered:
D:1:      dpeg_arrival_windows_large_door, layout_rooms,
          chequers_ecumenical_altar_lobes, serial_park_tiny_2
D:2:      layout_basic, serial_shops, shop
D:3:      layout_rooms, lemuel_crystal_altar, gup_sewer_entry_glass,
          grunt_ministairs_6
D:4:      layout_rooms, minmay_temple_entry_mist, kennysheep_generic_room_3,
          uniq_grinder
D:5:      layout_rooms, nicolae_overflow_hidden_temple,
          gammafunk_temple_overflow_claw, serial_co_window_serial,
          co_window_paths_b, co_window_paths_a, co_window_corner_a,
          co_window_paths_b, co_window_corner_a, co_window_paths_a,
          co_window_cross_1, co_window_unsneaky_path_a,
          co_window_unsneaky_path_a, co_window_broadway_c, co_window_paths_e,
          glass_columns_c, glass_columns_a, glass_columns_a, glass_columns_a,
          patterned_corridor
D:6:      layout_cave_pools
D:7:      layout_rooms, minmay_fractal_squares_diagonal_5, uniq_joseph,
          uniq_menkaure, uniq_harold
D:8:      layout_rooms, tso_oasis_becter, lemuel_crystal_altar,
          kennysheep_mini_moat, serial_bayou, serial_bayou_lake_a,
          serial_bayou_pond_e, minmay_diamond_spiral
D:9:      layout_long_grid, lemuel_tele_altar, erik_lair_orcish_takeover,
          minmay_orc_keep, uniq_erica

Skill      XL: |  1  2  3  4  5  6  7  8  9 |
---------------+----------------------------+-----
Fighting       | 2 3 4 5 6 |  6.0
Invocations    | 1 2 3 4 6 |  6.8
Dodging        | 1 2 3 4 |  4.8
Armour         | 2 3 5 |  5.0
Unarmed Combat | 1 2 3 4 5 |  5.7
Stealth        | |  0.8
Air Magic      | |  0.2
Evocations     | |  3.0

Action                   |  1- 3 |  4- 6 |  7- 9 || total
-------------------------+-------+-------+-------++-------
Melee: Club              |    42 |       |       ||    42
       Short sword       |    44 |       |       ||    44
       Kick              |    19 |    33 |    42 ||    94
       Dagger            |    14 |   148 |   249 ||   411
       Unarmed           |       |       |    43 ||    43
       Punch             |       |       |     3 ||     3
Evoke: Wand              |    20 |       |     2 ||    22
       Piece from Xom's  |       |       |    11 ||    11
  Use: Potion            |       |     5 |     4 ||     9
       Scroll            |       |       |     9 ||     9
 Stab: Paralysed         |       |     1 |    10 ||    11
       Petrified         |       |       |     9 ||     9
Armor: Leather armour    |    42 |       |       ||    42
       Ring mail         |       |    54 |   126 ||   180
Dodge: Dodged            |    74 |    76 |   157 ||   307
Block: Other             |     5 |    22 |    57 ||    84

Table legend: (Time is in decaauts)
 A = Elapsed time spent in this place.
 B = Non-inter-level travel time spent in this place.
 C = Inter-level travel time spent in this place.
 D = Time resting spent in this place.
 E = Time spent auto-exploring this place.
 F = Levels seen in this place.
 G = Mean time per level.
                   A        B        C        D        E       F      G
               +--------+--------+--------+--------+--------+-----+--------+
         Total |   8382 |   8097 |    285 |   1104 |   5558 |  10 |  838.2 |
       Dungeon |   7017 |   6732 |    285 |    983 |   4613 |   9 |  779.7 |
         Sewer |   1365 |   1365 |      0 |    121 |    945 |   1 | 1365.0 |
               +--------+--------+--------+--------+--------+-----+--------+

Top non-repeatable levels by time:
     D:1: 1560 daAuts
   Sewer: 1365 daAuts
     D:6: 1283 daAuts
     D:5: 1159 daAuts
     D:3: 852 daAuts
     D:2: 764 daAuts
     D:8: 733 daAuts
     D:4: 643 daAuts
     D:7: 17 daAuts
     D:9: 1 daAuts
